[Event "Titled Tuesday Blitz November 01 Early 2022"]
[White "Rosenberg, Evan S"]
[Black "Lawson, Eric"]
[WhiteFideId "2019299"]
[BlackFideId "2604116"]
[WhiteElo "2382"]
[BlackElo "2526"]
[Result "0-1"]
[Round "05"]
[TimeControl "180+1"]
[Date "2022.11.02"]
[WhiteClock "0:00:03"]
[BlackClock "0:00:30"]

1. d4 Nf6 2. Nf3 c5 3. d5 e6 4. Nc3 d6 5. e4 e5 6. Bb5+ Nbd7 7. a4 a6 8. Bc4 Be7 9. O-O Nf8 10. h3 Ng6 11. a5 Nh5 12. Ne2 Nhf4 13. Nxf4 exf4 14. Re1 Bf6 15. e5 dxe5 16. d6 O-O 17. Bd5 Kh8 18. Be4 Re8 19. Qd5 Re6 20. Rd1 Bd7 21. Qxc5 Rc8 22. Qb4 Bc6 23. Bf5 Bxf3 24. gxf3 Nh4 25. Bxe6 Nxf3+ 26. Kg2 Nh4+ 27. Kh1 fxe6 28. Qxb7 Rxc2 29. d7 Rxf2 30. Qc8 Nf3 31. Qxd8+ Bxd8 32. Rd2 Nxd2 33. Bxd2 Rxd2 34. Re1 Rxd7 35. Rxe5 Rf7 36. Rxe6 Rf8 37. Rxa6 f3 38. Kg1 f2+ 39. Kf1 Bh4 40. Re6 g5 41. a6 Rc8 0-1


[Site "https://www.chess.com"]

[Event "Titled Tuesday Blitz November 01 Early 2022"]
[White "Rosh Jain"]
[Black "Sarkar, Justin"]
[WhiteFideId "25789465"]
[BlackFideId "2010011"]
[WhiteElo "2233"]
[BlackElo "2250"]
[Result "0-1"]
[Round "05"]
[TimeControl "180+1"]
[Date "2022.11.02"]
[WhiteClock "0:00:01"]
[BlackClock "0:00:02"]

1. e4 e5 2. Nf3 Nc6 3. Bb5 a6 4. Ba4 Nf6 5. O-O Be7 6. Re1 b5 7. Bb3 d6 8. c3 O-O 9. h3 Nb8 10. d4 Nbd7 11. Nbd2 Bb7 12. Nh4 Nxe4 13. Nf5 Nxd2 14. Nxe7+ Qxe7 15. Bxd2 Qf6 16. Be3 Qg6 17. d5 Kh8 18. Bc2 f5 19. a4 Qf7 20. axb5 axb5 21. Rxa8 Bxa8 22. Qe2 Qxd5 23. f3 f4 24. Bf2 Nf6 25. Rd1 Qb7 26. Bb3 Qa6 27. Qe1 Bc6 28. Ra1 Qc8 29. Ra7 Qd7 30. Qd2 Ra8 31. Rxa8+ Bxa8 32. Qd3 h6 33. Bc2 e4 34. Qd4 e3 35. Bh4 Qe6 36. Qd3 e2 0-1


[Site "https://www.chess.com"]

[Event "Titled Tuesday Blitz November 01 Early 2022"]
[White "Safin, Robert"]
[Black "Bashirli, Saadat"]
[WhiteFideId "34189120"]
[BlackFideId "13429990"]
[WhiteElo "2219"]
[BlackElo "1408"]
[Result "1-0"]
[Round "05"]
[TimeControl "180+1"]
[Date "2022.11.02"]
[WhiteClock "0:01:59"]
[BlackClock "0:01:32"]

1. e4 c5 2. c3 Nf6 3. e5 Nd5 4. Nf3 Nc6 5. d4 cxd4 6. Bc4 Nb6 7. Bb3 d6 8. exd6 Qxd6 9. O-O dxc3 10. Nxc3 Qxd1 11. Rxd1 Bd7 12. Be3 e6 13. Nb5 O-O-O 14. Nxa7+ Nxa7 15. Bxb6 Nc6 16. Bxd8 Kxd8 17. Ng5 Ke8 18. Nxf7 Kxf7 19. Rxd7+ Be7 20. Re1 Nb8 21. Rxb7 Rd8 22. Rxe6 Rd2 23. Rbxe7+ Kf8 24. Re8+ Kf7 25. Re2+ 1-0


[Site "https://www.chess.com"]

[Event "Titled Tuesday Blitz November 01 Early 2022"]
[White "Sailer, Mike"]
[Black "Sernecki, Franciszek"]
[WhiteFideId "2012901"]
[BlackFideId "1169297"]
[WhiteElo "2109"]
[BlackElo "2209"]
[Result "0-1"]
[Round "05"]
[TimeControl "180+1"]
[Date "2022.11.02"]
[WhiteClock "0:00:02"]
[BlackClock "0:01:42"]

1. Nf3 c5 2. c4 Nc6 3. g3 g6 4. Bg2 Bg7 5. O-O e5 6. d3 Nge7 7. Nc3 d6 8. a3 O-O 9. Rb1 a5 10. Ne1 Be6 11. e4 f5 12. exf5 Nxf5 13. Nc2 h6 14. Nd5 Kh7 15. b4 axb4 16. axb4 b6 17. bxc5 bxc5 18. Nb6 Rb8 19. Bxc6 Rxb6 20. Rxb6 Qxb6 21. Bg2 Nd4 22. Nxd4 exd4 23. Bf4 Be5 24. Bxe5 dxe5 25. Be4 Bf5 26. Bxf5 gxf5 27. Re1 Re8 28. Qh5 Qg6 29. Qf3 e4 30. Qf4 Re7 31. dxe4 fxe4 32. Ra1 e3 33. fxe3 dxe3 34. Re1 e2 35. Qf2 Qh5 36. Qxc5 Qxc5+ 0-1


[Site "https://www.chess.com"]

[Event "Titled Tuesday Blitz November 01 Early 2022"]
[White "Salem, A.R. Saleh"]
[Black "Goroshkov, Maksym"]
[WhiteFideId "9301348"]
[BlackFideId "14142716"]
[WhiteElo "2628"]
[BlackElo "2257"]
[Result "1-0"]
[Round "05"]
[TimeControl "180+1"]
[Date "2022.11.02"]
[WhiteClock "0:00:54"]
[BlackClock "0:00:19"]

1. d4 Nf6 2. c4 d6 3. Nc3 g6 4. e4 Bg7 5. h3 O-O 6. Be3 c6 7. g4 e5 8. d5 cxd5 9. cxd5 a6 10. Nge2 b5 11. Ng3 b4 12. Na4 Nbd7 13. Be2 Bb7 14. O-O Rc8 15. a3 Qa5 16. Bd2 Qd8 17. axb4 Nb6 18. Nxb6 Qxb6 19. Be3 Qxb4 20. Ra4 Qxb2 21. Qb1 Qxb1 22. Rxb1 Rc7 23. Bxa6 Ra8 24. Bb5 Rxa4 25. Bxa4 h5 26. Bb6 Rc8 27. g5 Nxe4 28. Nxe4 Bxd5 29. Nxd6 Rb8 30. Bc2 Ba2 31. Rb2 Bd5 32. Ne4 Bxe4 33. Bxe4 Bf8 34. Rb1 h4 35. Be3 Rxb1+ 36. Bxb1 Be7 37. Kg2 Kg7 38. Kf3 f6 39. gxf6+ Bxf6 40. Kg4 Be7 41. Bg5 Bc5 42. Bxh4 Kh6 43. Bg3 Bb6 44. f3 Bd4 45. Be4 Bc3 46. Bf2 Bb2 47. Be3+ Kg7 48. Kg5 Ba3 49. Bxg6 Be7+ 50. Kf5 Bf6 51. Bh5 Be7 52. Kxe5 Bf6+ 53. Kf5 Bb2 54. Bg6 Ba1 55. h4 Bc3 56. h5 Bb2 57. h6+ Kg8 58. Bg5 Bh8 59. h7+ Kf8 60. Be3 Kg7 61. Bc5 Kh6 62. Bf8+ Bg7 63. h8=R# 1-0


[Site "https://www.chess.com"]

[Event "Titled Tuesday Blitz November 01 Early 2022"]
[White "Salgado Lopez, Ivan"]
[Black "Andreev, Konstantin"]
[WhiteFideId "2257327"]
[BlackFideId "24239305"]
[WhiteElo "2594"]
[BlackElo "2106"]
[Result "0-1"]
[Round "05"]
[TimeControl "180+1"]
[Date "2022.11.02"]
[WhiteClock "0:00:13"]
[BlackClock "0:00:25"]

1. d4 Nf6 2. c4 e6 3. Bf4 d5 4. cxd5 exd5 5. e3 Bd6 6. Bxd6 Qxd6 7. Qc2 O-O 8. Nc3 c6 9. Bd3 Re8 10. Nf3 Nbd7 11. O-O Nf8 12. Ne5 Ng6 13. f4 a6 14. Na4 Rb8 15. a3 Ng4 16. Rae1 Nf6 17. b4 Bd7 18. h3 Qc7 19. Nc5 Bc8 20. g4 b6 21. Nb3 Ne4 22. Bxe4 dxe4 23. Qxc6 Qe7 24. Qxe4 Bb7 25. Qc2 Rbc8 26. Qf2 Rc3 27. Nd2 Rc2 28. Rc1 Rec8 29. Rxc2 Rxc2 30. Kh2 Qc7 31. Re1 Nxe5 32. fxe5 Qc3 33. Re2 Qd3 34. Qe1 Qc3 35. Rf2 Rc1 36. Qe2 Rh1+ 37. Kg3 Rg1+ 38. Kf4 Qc6 39. e4 Qh6+ 40. g5 Qh4+ 41. Kf3 Qxh3+ 42. Kf4 Qg3+ 43. Kf5 Bc8+ 44. e6 fxe6# 0-1


[Site "https://www.chess.com"]

[Event "Titled Tuesday Blitz November 01 Early 2022"]
[White "Samarth, J Rao"]
[Black "Tleptsok, Ruslan"]
[WhiteFideId "46652370"]
[BlackFideId "24104485"]
[WhiteElo "1564"]
[BlackElo "2130"]
[Result "0-1"]
[Round "05"]
[TimeControl "180+1"]
[Date "2022.11.02"]
[WhiteClock "0:00:02"]
[BlackClock "0:01:46"]

1. e4 d5 2. exd5 Nf6 3. d4 Bg4 4. f3 Bf5 5. c4 e6 6. dxe6 Nc6 7. Ne2 Nb4 8. exf7+ Kxf7 9. Ng3 Nc2+ 10. Kf2 Bg6 11. Na3 Bxa3 12. bxa3 Nxa1 13. Bd3 Qxd4+ 14. Be3 Qxd3 15. Qxa1 Rhe8 16. Re1 Kg8 17. Qb2 b6 18. c5 Nd5 19. Nf1 Nxe3 20. Nxe3 Rad8 21. cxb6 axb6 22. Re2 Re7 23. Re1 Rde8 0-1


[Site "https://www.chess.com"]

[Event "Titled Tuesday Blitz November 01 Early 2022"]
[White "Sargsyan, Anna M."]
[Black "D`Arruda, Ricardo D."]
[WhiteFideId "13308130"]
[BlackFideId "100692"]
[WhiteElo "2284"]
[BlackElo "2470"]
[Result "0-1"]
[Round "05"]
[TimeControl "180+1"]
[Date "2022.11.02"]
[WhiteClock "0:00:08"]
[BlackClock "0:00:40"]

1. d4 Nf6 2. c4 e5 3. dxe5 Ne4 4. Nf3 Nc6 5. Qd5 Bb4+ 6. Nbd2 Nxd2 7. Bxd2 Bxd2+ 8. Qxd2 Qe7 9. Qc3 O-O 10. O-O-O Re8 11. Rd5 Nb4 12. Ra5 b6 13. Ra3 Bb7 14. e3 Nc6 15. Be2 Nxe5 16. Rd1 Nxf3 17. gxf3 d6 18. f4 Qh4 19. Qe1 Qxh2 20. Rad3 Re4 21. b3 Re6 22. Bg4 Rg6 23. Bf5 Rg2 24. Qh1 Qxh1 25. Rxh1 g6 26. Bh3 Rxf2 27. Rg1 Re8 28. a4 a5 29. Re1 Be4 30. Rc3 f5 31. Bf1 Ra2 32. Be2 Ra1+ 33. Kd2 Rxe1 34. Kxe1 h5 35. Kf2 Kg7 36. Rc1 Kf6 37. Kg3 c5 38. Re1 d5 39. cxd5 Bxd5 40. Bd1 Rd8 41. Bc2 Be4 42. Bxe4 fxe4 43. Re2 Rd3 44. Kh4 Rxb3 45. Rd2 Rxe3 46. Rd6+ Kf5 47. Rxb6 Kxf4 48. Rf6+ Ke5 49. Rxg6 Ra3 50. Kxh5 e3 51. Kg4 e2 52. Rg8 Re3 53. Re8+ Kd4 54. Rd8+ Kc3 0-1


[Site "https://www.chess.com"]

[Event "Titled Tuesday Blitz November 01 Early 2022"]
[White "Schekachikhin, Maksim"]
[Black "Mitrovic, Darko R"]
[WhiteFideId "24177830"]
[BlackFideId "927023"]
[WhiteElo "2272"]
[BlackElo "2150"]
[Result "1-0"]
[Round "05"]
[TimeControl "180+1"]
[Date "2022.11.02"]
[WhiteClock "0:01:19"]
[BlackClock "0:00:01"]

1. d4 Nf6 2. c4 e6 3. Nc3 Bb4 4. Qc2 c5 5. dxc5 Nc6 6. Nf3 Bxc5 7. e3 O-O 8. Be2 d5 9. cxd5 exd5 10. O-O Be6 11. Rd1 Qe7 12. a3 Rac8 13. Bd2 h6 14. Rac1 Rfd8 15. Be1 Bd6 16. Qb1 Bb8 17. Nb5 Ne4 18. Nbd4 Nxd4 19. Nxd4 a6 20. g3 Qd7 21. Rxc8 Rxc8 22. Rc1 Rxc1 23. Qxc1 Qc8 24. Qd1 Be5 25. Bf3 g6 26. h4 h5 27. Kg2 Bg4 28. Bxg4 Qxg4 29. f3 Qd7 30. fxe4 dxe4 31. Bc3 Qc7 32. Ne2 Bxc3 33. Nxc3 Qb6 34. Qd2 Qe6 35. Qd8+ Kh7 36. Qd4 f5 37. Nd5 Kg8 38. b4 1-0


[Site "https://www.chess.com"]

[Event "Titled Tuesday Blitz November 01 Early 2022"]
[White "Schut, Han"]
[Black "Sanchez, Robert"]
[WhiteFideId "1005561"]
[BlackFideId "2034360"]
[WhiteElo "2024"]
[BlackElo "2398"]
[Result "0-1"]
[Round "05"]
[TimeControl "180+1"]
[Date "2022.11.02"]
[WhiteClock "0:00:07"]
[BlackClock "0:01:08"]

1. e4 g6 2. d4 Bg7 3. Nc3 d6 4. f4 e6 5. Nf3 Ne7 6. Bd3 a6 7. O-O h6 8. Qe2 b6 9. f5 O-O 10. fxg6 Nxg6 11. e5 Bb7 12. Bxg6 fxg6 13. Ne4 dxe5 14. dxe5 Qd5 15. Nf6+ Bxf6 16. exf6 Rxf6 17. Bxh6 Nd7 18. Rad1 Qc6 19. Bg5 Rf5 20. Rfe1 e5 21. Rxd7 Qxd7 22. Rd1 Qc6 23. Rd2 Raf8 24. h3 Qc5+ 25. Kh2 Bxf3 26. gxf3 Rxg5 27. Rd7 Qg1# 0-1


[Site "https://www.chess.com"]

[Event "Titled Tuesday Blitz November 01 Early 2022"]
[White "Shandrygin, Nikita"]
[Black "Zemlyanskii, Ivan"]
[WhiteFideId "24198668"]
[BlackFideId "24249971"]
[WhiteElo "2323"]
[BlackElo "2107"]
[Result "0-1"]
[Round "05"]
[TimeControl "180+1"]
[Date "2022.11.02"]
[WhiteClock "0:00:12"]
[BlackClock "0:00:03"]

1. e4 c5 2. Nf3 d6 3. d4 Nf6 4. Nc3 cxd4 5. Nxd4 a6 6. f3 e5 7. Nb3 h5 8. Be3 Be6 9. Nd5 Bxd5 10. exd5 Nbd7 11. c4 g6 12. Qd2 b6 13. Be2 Bg7 14. O-O O-O 15. Rac1 Re8 16. Na1 e4 17. f4 Ng4 18. Bxg4 hxg4 19. Nb3 Nc5 20. Nxc5 bxc5 21. Rb1 Qd7 22. b4 cxb4 23. Rxb4 a5 24. Rb5 Rec8 25. Rc1 Rxc4 26. Rxc4 Qxb5 27. Qc2 Qxd5 28. Rc8+ Rxc8 29. Qxc8+ Kh7 30. Qxg4 Qd3 31. Qh3+ Kg8 32. Qc8+ Bf8 33. Kf2 d5 34. f5 d4 35. Bh6 e3+ 36. Kg3 e2+ 37. Kg4 Qxf5+ 0-1


[Site "https://www.chess.com"]

[Event "Titled Tuesday Blitz November 01 Early 2022"]
[White "Shankland, Sam"]
[Black "Azarov, Sergei"]
[WhiteFideId "2004887"]
[BlackFideId "13501470"]
[WhiteElo "2612"]
[BlackElo "2494"]
[Result "1-0"]
[Round "05"]
[TimeControl "180+1"]
[Date "2022.11.01"]
[WhiteClock "0:02:04"]
[BlackClock "0:00:38"]

1. d4 Nf6 2. c4 e6 3. Nc3 Bb4 4. Qc2 c5 5. dxc5 O-O 6. Nf3 Na6 7. c6 bxc6 8. e3 d5 9. Bd2 Rb8 10. Be2 Bd6 11. a3 Nc7 12. b4 a5 13. c5 Be7 14. Rb1 Ba6 15. O-O axb4 16. axb4 Bxe2 17. Nxe2 Nb5 18. Ned4 Qc7 19. Ra1 Nd7 20. Ra6 Nxd4 21. Nxd4 Qb7 22. Rfa1 Ra8 23. Qa4 Rxa6 24. Qxa6 Qxa6 25. Rxa6 Nb8 26. Rb6 Bd8 27. Rxb8 1-0


[Site "https://www.chess.com"]

[Event "Titled Tuesday Blitz November 01 Early 2022"]
[White "Shapiro, Daniel"]
[Black "Devaev, Alexander"]
[WhiteFideId "2001780"]
[BlackFideId "4169395"]
[WhiteElo "2251"]
[BlackElo "2225"]
[Result "0-1"]
[Round "05"]
[TimeControl "180+1"]
[Date "2022.11.02"]
[WhiteClock "0:00:03"]
[BlackClock "0:00:06"]

1. d4 Nf6 2. c4 e6 3. g3 c5 4. d5 exd5 5. cxd5 d6 6. Nc3 g6 7. Nf3 Bg7 8. Nd2 O-O 9. Nc4 a6 10. a4 Re8 11. Bg2 Qc7 12. Bf4 Bf8 13. O-O Nbd7 14. h3 Rb8 15. a5 Nh5 16. Bd2 b5 17. axb6 Nxb6 18. Na5 Bd7 19. e4 Bb5 20. Re1 Nc4 21. Nxb5 axb5 22. Nxc4 bxc4 23. Qc2 Bg7 24. Bc3 Bxc3 25. bxc3 Nf6 26. Bf1 Qd7 27. Kh2 h5 28. Bxc4 h4 29. g4 g5 30. Ra6 Re5 31. f3 Qe7 32. Rea1 Qf8 33. Rc6 Ree8 34. Raa6 Red8 35. Qd2 Nh7 36. f4 Qe7 37. Bd3 gxf4 38. Qxf4 Rb2+ 39. Kg1 Rd2 40. Bb5 Rd1+ 41. Kf2 Rb1 42. c4 Rb2+ 43. Ke1 Ng5 44. Rxd6 Rxd6 45. Rxd6 Nxe4 46. Re6 fxe6 47. Qxe4 Qf6 0-1


[Site "https://www.chess.com"]

[Event "Titled Tuesday Blitz November 01 Early 2022"]
[White "Shimelkov, Vasiliy"]
[Black "Zacurdajev, Dmitry"]
[WhiteFideId "13701630"]
[BlackFideId "4196309"]
[WhiteElo "2073"]
[BlackElo "2179"]
[Result "1-0"]
[Round "05"]
[TimeControl "180+1"]
[Date "2022.11.02"]
[WhiteClock "0:00:11"]
[BlackClock "0:00:01"]

1. d4 d5 2. Nf3 e6 3. c4 Nf6 4. Nc3 Be7 5. Bg5 h6 6. Bh4 O-O 7. e3 Ne4 8. Bg3 Nxg3 9. hxg3 b6 10. cxd5 exd5 11. Bd3 Ba6 12. O-O Bxd3 13. Qxd3 Bf6 14. Rfd1 Re8 15. Rac1 c6 16. b4 Qd7 17. b5 a6 18. bxc6 Nxc6 19. Qb1 b5 20. Ne1 Na5 21. Nd3 Nc4 22. Nf4 Nb6 23. Qb3 Rad8 24. Qa3 Qb7 25. Qb3 Bg5 26. Nd3 Nc4 27. Nc5 Qc6 28. Nb1 Qg6 29. Qd3 Nxe3 30. Qxg6 fxg6 31. fxe3 Bxe3+ 32. Kh2 Bxc1 33. Rxc1 Re2 34. Nc3 Rd2 35. Nb3 Rb2 36. Nc5 a5 37. a4 b4 38. Nb5 Rd2 39. Ne6 Re8 40. Nbc7 Re7 41. Re1 Ra2 42. Nxd5 Rd7 43. Ndf4 Rb7 44. d5 b3 45. Nc5 Rb8 46. d6 b2 47. d7 Kf7 48. Nfe6 b1=Q 49. Rxb1 Rxb1 50. d8=Q Rbb2 51. Qf8# 1-0


[Site "https://www.chess.com"]

[Event "Titled Tuesday Blitz November 01 Early 2022"]
[White "Shipov, Sergei"]
[Black "Orlov, Georgi"]
[WhiteFideId "4113624"]
[BlackFideId "2011271"]
[WhiteElo "2759"]
[BlackElo "2574"]
[Result "1-0"]
[Round "05"]
[TimeControl "180+1"]
[Date "2022.11.02"]
[WhiteClock "0:01:44"]
[BlackClock "0:00:34"]

1. d4 Nf6 2. c4 Nc6 3. Nf3 e6 4. a3 d6 5. Nc3 g6 6. b4 Bg7 7. Bb2 O-O 8. e3 e5 9. d5 Ne7 10. Be2 Ne8 11. Nd2 f5 12. O-O Nf6 13. f4 Ng4 14. Bxg4 fxg4 15. Nce4 Nf5 16. Qb3 exf4 17. Bxg7 Nxg7 18. Rxf4 Nh5 19. Rxf8+ Qxf8 20. Rf1 Qe7 21. Qc3 Bf5 22. Ng3 Nxg3 23. hxg3 Re8 24. e4 Bd7 25. c5 Bb5 26. Rf4 h5 27. cxd6 cxd6 28. Qf6 Kh7 29. Qf7+ Kh6 30. Rf6 Qxf7 31. Rxf7 Rb8 32. Kf2 Be8 33. Re7 Kg5 34. Nc4 Rd8 35. Nxd6 Rxd6 36. Rxe8 Ra6 37. e5 Rxa3 38. d6 Rd3 39. Re7 Kf5 40. d7 g5 41. e6 h4 42. Re8 h3 43. d8=Q 1-0


[Site "https://www.chess.com"]

[Event "Titled Tuesday Blitz November 01 Early 2022"]
[White "Shuvalov, Evgenij"]
[Black "Biastoch, Bennet"]
[WhiteFideId "4187237"]
[BlackFideId "12939889"]
[WhiteElo "2049"]
[BlackElo "2221"]
[Result "1/2-1/2"]
[Round "05"]
[TimeControl "180+1"]
[Date "2022.11.02"]
[WhiteClock "0:00:07"]
[BlackClock "0:00:18"]

1. d4 d5 2. c4 e6 3. cxd5 exd5 4. Nc3 c6 5. Nf3 Bf5 6. Bg5 f6 7. Bf4 Bd6 8. Bxd6 Qxd6 9. Qb3 Nd7 10. e3 Nh6 11. Be2 O-O 12. O-O a5 13. e4 Be6 14. exd5 cxd5 15. a3 Bf7 16. Rac1 Nf5 17. Nb5 Qf4 18. Rc7 Nb6 19. Rxb7 Nc4 20. Nc7 Rac8 21. Nb5 Rb8 22. Nc3 Rxb7 23. Qxb7 Nxd4 24. Nxd4 Qxd4 25. Rd1 Qe5 26. Bf3 Nxa3 27. Nxd5 Nc4 28. g3 Nxb2 29. Rb1 Nc4 30. Rd1 a4 31. Qa6 Nb2 32. Rb1 Bxd5 33. Bxd5+ Qxd5 34. Rxb2 Qd1+ 35. Kg2 Qd5+ 36. Kg1 Qd4 37. Ra2 h6 38. Qxa4 Qxa4 39. Rxa4 Kh7 40. h4 Rc8 41. Kg2 Kg6 42. Ra5 Kf7 43. h5 Rc7 44. g4 g6 45. hxg6+ Kxg6 46. Kg3 Rc3+ 47. f3 Rc4 48. Rh5 Rb4 49. Rf5 Rc4 50. Rf4 Rc5 51. Rb4 Rd5 52. Rc4 Rb5 53. Kf4 Ra5 54. Rb4 Rc5 55. Re4 Rb5 56. Re8 Rb4+ 57. Re4 Rb5 58. Kg3 Ra5 59. Kh4 Ra1 60. f4 Rg1 61. f5+ Kf7 62. Rc4 Ke7 63. Kh5 Kf7 64. Rc7+ Ke8 65. Rg7 Kf8 66. Kxh6 Rg2 67. Kh7 Rg1 68. Rg8+ Kf7 69. Rg7+ Kf8 70. Kh6 Rg2 71. g5 Rxg5 72. Rxg5 fxg5 73. Kxg5 Kg7 74. Kg4 Kf6 75. Kf4 Kf7 76. Kg5 Kg7 77. f6+ Kf7 78. Kf5 Kf8 79. Kg6 Kg8 80. f7+ Kf8 81. Kf6 1/2-1/2


[Site "https://www.chess.com"]

[Event "Titled Tuesday Blitz November 01 Early 2022"]
[White "Shuvalova, Polina"]
[Black "Malyi, Viacheslav"]
[WhiteFideId "24171760"]
[BlackFideId "14123983"]
[WhiteElo "2392"]
[BlackElo "2291"]
[Result "0-1"]
[Round "05"]
[TimeControl "180+1"]
[Date "2022.11.02"]
[WhiteClock "0:00:36"]
[BlackClock "0:00:20"]

1. d4 Nf6 2. Nf3 e6 3. Bf4 d5 4. e3 Bd6 5. Nbd2 O-O 6. Bxd6 Qxd6 7. c4 c5 8. dxc5 Qxc5 9. Rc1 Qa5 10. a3 Nc6 11. Be2 dxc4 12. Bxc4 Rd8 13. Qc2 Bd7 14. O-O Rac8 15. Nb3 Qb6 16. Be2 Be8 17. Nc5 h6 18. b4 Nd7 19. Rfd1 Nxc5 20. Rxd8 Rxd8 21. Qxc5 Qxc5 22. Rxc5 Kf8 23. h4 Ke7 24. g4 f6 25. h5 Rd5 26. Rxd5 exd5 27. Kg2 Ne5 28. Kg3 Nxf3 29. Bxf3 Kd6 30. Kf4 Bd7 31. Be2 Be6 32. Bd3 Bd7 33. Bf5 Be8 34. Bc8 Kc7 35. Be6 Kd6 36. Kf5 b6 37. Bc8 Bf7 38. f3 Be8 39. Bb7 Bf7 40. Bc8 Be8 41. Ba6 Bf7 42. Bb5 Ke7 43. Kf4 Kd6 44. Bd3 Be8 45. Bf5 Bf7 46. Kg3 Ke5 47. f4+ Kd6 48. Kf3 Be8 49. Ke2 Bb5+ 50. Kd2 Bc4 51. Kc3 Be2 52. Kd4 Bf3 53. Bc8 Bd1 54. Kd3 Bf3 55. Bf5 Bd1 56. Kd2 Bf3 57. Ke1 Be4 58. Bxe4 dxe4 59. Kd2 Ke6 60. Kc3 f5 61. gxf5+ Kxf5 62. Kd4 Kg4 63. Kxe4 Kxh5 64. Kf3 Kg6 65. e4 Kf6 66. Kg4 g6 67. Kh4 g5+ 68. fxg5+ hxg5+ 69. Kg4 Ke5 70. Kxg5 Kxe4 71. Kf6 Kd4 72. Ke6 Kc4 73. Kd6 Kb3 74. Kc6 Kxa3 75. b5 Ka4 0-1


[Site "https://www.chess.com"]

[Event "Titled Tuesday Blitz November 01 Early 2022"]
[White "Silva Lucena, Cristian"]
[Black "Nurmanova, Alua"]
[WhiteFideId "2232588"]
[BlackFideId "13729390"]
[WhiteElo "2223"]
[BlackElo "2088"]
[Result "0-1"]
[Round "05"]
[TimeControl "180+1"]
[Date "2022.11.02"]
[WhiteClock "0:00:03"]
[BlackClock "0:00:03"]

1. e4 c5 2. Ne2 d6 3. d4 cxd4 4. Nxd4 Nf6 5. Nc3 a6 6. h3 e5 7. Nf3 h5 8. Bc4 Nbd7 9. Bg5 Be7 10. a4 Qc7 11. Bb3 Rb8 12. O-O O-O 13. a5 b5 14. axb6 Nxb6 15. Nh4 Be6 16. Bxf6 Bxf6 17. Qxh5 Bxb3 18. cxb3 g6 19. Qg4 Kh7 20. Rxa6 Qc8 21. Qxc8 Rfxc8 22. Nf3 Kg7 23. Rd1 Be7 24. g3 Nd7 25. Nd5 Bf8 26. b4 Nf6 27. Nxf6 Kxf6 28. Rd5 Kg7 29. b5 Rc1+ 30. Kg2 Rc2 31. Ra2 f5 32. exf5 gxf5 33. g4 fxg4 34. hxg4 Kf6 35. Ne1 Rc4 36. f3 Ke6 37. Rd2 Rxb5 38. Nc2 Rb3 39. Re2 Bh6 40. Ne1 Bc1 41. Kg3 Rcb4 42. Nc2 Rf4 43. Ne1 Rfb4 44. Ng2 Rxb2 45. Raxb2 Rxb2 46. Re1 Bd2 47. Rd1 Kf6 48. Nh4 d5 49. Nf5 e4 50. f4 Rb3+ 51. Kg2 Bxf4 52. Rxd5 Rb2+ 53. Kf1 e3 54. Nd4 Rf2+ 55. Ke1 Bg3 56. Kd1 Rd2+ 57. Kc1 Be5 58. Nf3 Rxd5 59. g5+ Kf5 0-1


[Site "https://www.chess.com"]

[Event "Titled Tuesday Blitz November 01 Early 2022"]
[White "Sipahioglu, Irmak"]
[Black "Quirke, Jeffrey"]
[WhiteFideId "6307205"]
[BlackFideId "2013029"]
[WhiteElo "2099"]
[BlackElo "2202"]
[Result "1-0"]
[Round "05"]
[TimeControl "180+1"]
[Date "2022.11.02"]
[WhiteClock "0:01:53"]
[BlackClock "0:00:09"]

1. d4 d5 2. c4 c6 3. cxd5 cxd5 4. Bg5 Nf6 5. Bxf6 gxf6 6. Nc3 Nc6 7. e3 e6 8. Bd3 f5 9. Rc1 Bg7 10. Nf3 O-O 11. O-O a6 12. Na4 Bd7 13. Nc5 Rb8 14. a3 Na7 15. Qe2 Bb5 16. Rc3 Bxd3 17. Qxd3 Nb5 18. Rc2 Nd6 19. Rfc1 Rc8 20. b3 Qe7 21. Ne5 f6 22. Ned7 Rfd8 23. Nb6 Rc6 24. Nca4 Rxc2 25. Rxc2 Nb5 26. b4 e5 27. dxe5 fxe5 28. Nxd5 Qd7 29. Nab6 Qd6 30. Qxf5 Nxa3 31. Rc8 Rxc8 32. Qxc8+ Bf8 33. Qxb7 Nc4 34. Nxc4 1-0


[Site "https://www.chess.com"]

[Event "Titled Tuesday Blitz November 01 Early 2022"]
[White "Skliarov, Viktor"]
[Black "Stribuk, Artiom"]
[WhiteFideId "14106736"]
[BlackFideId "13515659"]
[WhiteElo "2284"]
[BlackElo "2279"]
[Result "0-1"]
[Round "05"]
[TimeControl "180+1"]
[Date "2022.11.02"]
[WhiteClock "0:00:05"]
[BlackClock "0:00:10"]

1. e4 c5 2. Nf3 Nc6 3. Bb5 e6 4. Bxc6 bxc6 5. d3 Ne7 6. Qe2 d6 7. e5 dxe5 8. Nxe5 f6 9. Nc4 Nf5 10. O-O Be7 11. Nc3 O-O 12. b3 e5 13. Ba3 Nd4 14. Qd1 Be6 15. Nd2 Nb5 16. Bb2 Bf7 17. Na4 Nd4 18. Ne4 f5 19. Nexc5 Re8 20. Re1 Bf6 21. Bxd4 Qxd4 22. Qf3 e4 23. dxe4 fxe4 24. Qe3 Qxe3 25. fxe3 Bxa1 26. Rxa1 Rad8 27. Rf1 Rd2 28. Rf2 Rd1+ 29. Rf1 Red8 30. Nxe4 Bg6 31. Nec3 Rxf1+ 32. Kxf1 Bxc2 33. Ke2 Bd3+ 34. Kf3 Bg6 35. Nc5 Rd2 36. a4 Rc2 37. N5e4 Bf7 38. b4 Rb2 39. b5 cxb5 40. Nxb5 a6 41. Nd4 Bd5 42. Kf4 Bxe4 43. Kxe4 Rb4 44. a5 Ra4 45. Kd5 Rxa5+ 46. Ke4 Ra2 47. Kf3 a5 48. Nb5 Kf7 0-1


[Site "https://www.chess.com"]

[Event "Titled Tuesday Blitz November 01 Early 2022"]
[White "Smietanska, Wiktoria"]
[Black "Goltseva, Ekaterina"]
[WhiteFideId "21869359"]
[BlackFideId "24173770"]
[WhiteElo "1854"]
[BlackElo "2200"]
[Result "0-1"]
[Round "05"]
[TimeControl "180+1"]
[Date "2022.11.02"]
[WhiteClock "0:00:01"]
[BlackClock "0:00:09"]

1. c4 e5 2. Nc3 Nc6 3. Nf3 f5 4. g3 Nf6 5. Bg2 d6 6. d4 e4 7. Nh4 Be7 8. O-O O-O 9. a3 Ne8 10. d5 Ne5 11. f4 Nxc4 12. Qd4 Nb6 13. Kh1 Bxh4 14. gxh4 Qxh4 15. b3 Qf6 16. Qd2 Qf7 17. Bb2 Nf6 18. Rad1 Bd7 19. Rg1 Rad8 20. e3 c6 21. dxc6 Bxc6 22. Bh3 Nh5 23. Qg2 Nxf4 24. Qg3 Nxh3 25. Qxh3 g6 26. Ne2 Nd5 27. Rg3 Nf6 28. Rdg1 Ng4 29. Qg2 Qxb3 30. Nd4 Qf7 31. h3 Ne5 32. Rg5 Be8 33. Nxf5 Qe6 34. Nh6+ Kg7 35. Ng4 Rf5 36. Rxf5 Qxf5 37. Nxe5 dxe5 38. Qg3 Rd5 39. Qh4 Qf3+ 40. Rg2 Bf7 41. Kh2 Qf5 42. Qg3 Qf3 43. Rf2 Qxg3+ 44. Kxg3 Be6 45. Rc2 Rb5 46. Bc3 Kf6 47. Rf2+ Ke7 48. h4 Kd6 49. Rd2+ Bd5 50. Bb4+ Ke6 51. Kg4 a5 52. Bf8 b6 53. Kg5 Rb3 54. Kh6 Rxe3 55. Kxh7 Rh3 56. Kxg6 Rxh4 57. Kg5 Rh3 58. Bg7 e3 59. Rd3 e2 0-1


[Site "https://www.chess.com"]

[Event "Titled Tuesday Blitz November 01 Early 2022"]
[White "Sovetbekova, Nurai"]
[Black "Goriatchkin, Jouri"]
[WhiteFideId "13801910"]
[BlackFideId "4120183"]
[WhiteElo "1925"]
[BlackElo "1859"]
[Result "1-0"]
[Round "05"]
[TimeControl "180+1"]
[Date "2022.11.02"]
[WhiteClock "0:00:14"]
[BlackClock "0:00:19"]

1. d4 d5 2. c4 c6 3. Nf3 Nf6 4. g3 Bf5 5. Nc3 e6 6. Qb3 Qb6 7. c5 Qxb3 8. axb3 Na6 9. Bf4 Be7 10. Nh4 Bc2 11. Ra3 h6 12. Nf3 O-O 13. Kd2 Bh7 14. Ne5 Ne4+ 15. Nxe4 dxe4 16. Nxc6 bxc6 17. Rxa6 Rfc8 18. e3 g5 19. Be5 f6 20. Bd6 Bxd6 21. cxd6 Kf7 22. Bc4 Bg8 23. Rha1 Rd8 24. Rxc6 Rd7 25. Rc7 Rxc7 26. dxc7 Ke7 27. Rxa7 Rc8 28. Ba6 Kd7 29. Bxc8+ Kxc8 30. Ra8+ Kxc7 31. Rxg8 Kd6 32. Rg6 Kc6 33. Rxh6 Kb5 34. Rxf6 Kb4 35. Rxe6 Kxb3 36. Rxe4 Kxb2 37. d5 Kb3 38. d6 Ka3 39. d7 Ka2 40. d8=Q Ka3 41. Qb8 1-0


[Site "https://www.chess.com"]